 Dungeon Crawl Stone Soup version 0.30-a0-782-ge64f9170bb (webtiles) character file.

Game seed: 3292702970071113370

47153 xian the Severer (level 14, -2/133 HPs)
             Began as a Hill Orc Fighter on Feb 18, 2023.
             Was the Champion of Beogh.
             Slain by an orc high priest
             ... wielding a +0 trident
              (3 damage)
             ... on level 2 of the Orcish Mines.
             The game lasted 00:53:38 (15244 turns).

xian the Severer (Hill Orc Fighter)                Turns: 15244, Time: 00:53:39

Health: -2/133     AC:  9    Str: 26    XL:     14   Next: 40%
Magic:  15/15      EV: 10    Int: 10    God:    Beogh [******]
Gold:   1155       SH: 13    Dex: 22    Spells: 13/13 levels left

rFire   + . .      SeeInvis .    D - +4 war axe (freeze)
rCold   . . .      Faith    .    P - +0 kite shield
rNeg    . . .      Spirit   .    W - +1 chain mail {rF+}
rPois   .          Reflect  .    L - +0 hat of the Original Sin {-Tele rCorr Str+2 Int+2}
rElec   .          Harm     .    d - +1 cloak
rCorr   +          Rampage  .    y - +0 pair of gloves
Will    +....      NoTele   +    J - +2 pair of boots {Fly} Stlth
                                 B - amulet of regeneration
HPRegen 1.22/turn                j - +6 ring of dexterity
MPRegen 0.14/turn                C - +6 ring of dexterity

@: corroded, flying
A: walk on water
a: Renounce Religion, Smiting, Recall Orcish Followers, Give Item to Named
Follower, Resurrection


You were on level 2 of the Orcish Mines.
You worshipped Beogh.
Beogh was exalted by your worship.
You visited 3 branches of the dungeon, and saw 19 of its levels.

You collected 1156 gold pieces.
You spent 1 gold pieces at shops.

Inventory:

Hand Weapons
 o - a -3 heavy triple crossbow
 D - a +4 war axe of freezing (weapon)
Missiles
 i - 62 stones (quivered)
 p - 12 boomerangs
 H - 22 poisoned darts
Armour
 d - a +1 cloak (worn)
 y - a +0 pair of gloves (worn)
 J - a +2 pair of boots of flying (worn)
 L - the +0 hat of the Original Sin (worn) {-Tele rCorr Str+2 Int+2}
   (You found it on level 9 of the Dungeon)

   Str:       It affects your strength (+2).
   Int:       It affects your intelligence (+2).
   -Tele:     It prevents most forms of teleportation.
   rCorr:     It protects you from acid and corrosion.
 P - a +0 kite shield (worn)
 W - a +1 chain mail of fire resistance (worn)
Jewellery
 j - a +6 ring of dexterity (left hand)
 n - a ring of fire
 r - a ring of resist corrosion
 A - a ring of ice
 B - an amulet of regeneration (around neck)
 C - a +6 ring of dexterity (right hand)
 V - an amulet of the acrobat
Wands
 l - a wand of iceblast (20)
 s - a wand of flame (61)
 v - a wand of acid (10)
 z - a wand of polymorph (11)
 M - a wand of charming (5)
Scrolls
 b - a scroll of silence
 c - a scroll of immolation
 e - 3 scrolls of enchant weapon
 f - 3 scrolls of teleportation
 h - 3 scrolls of fear
 q - a scroll of fog
 u - 2 scrolls of butterflies
 w - 7 scrolls of poison
 K - 2 scrolls of blinking
 Q - a scroll of enchant armour
Potions
 a - a potion of mutation {unknown}
 g - 6 potions of lignification {unknown}
 k - 10 potions of curing
 t - 2 potions of magic {unknown}
 x - 4 potions of invisibility
 E - 3 potions of ambrosia
 F - a potion of haste
 G - 5 potions of heal wounds
 N - 2 potions of might
 R - 4 potions of degeneration {unknown}
 S - a potion of brilliance
 T - a potion of cancellation
Miscellaneous
 m - a tin of tremorstones (2/2)
 I - a phial of floods


   Skills:
 + Level 14.7 Fighting
 + Level 18.6 Axes
 + Level 3.0 Throwing
 + Level 12.7 Armour
 + Level 3.7 Dodging
 + Level 2.6 Stealth
 + Level 11.2 Shields
 + Level 1.5 Invocations
 + Level 0.4 Evocations


You had 13 spell levels left.
You didn't know any spells.
Your spell library contained the following spells:

 Spells                   Type           Power      Damage    Failure   Level
 Slow                     Hex            0%         N/A       98%         1
 Blink                    Tloc           0%         N/A       99%         2
 Cigotuvi's Dreadful Rot  Necr/Pois/Air  0%         N/A       99%         2
 Sublimation of Blood     Necr           0%         N/A       99%         2
 Wereblood                Tmut           0%         N/A       99%         2
 Confusing Touch          Hex            0%         N/A       100%        3
 Hailstorm                Conj/Ice       0%         3d3       100%        3
 Vampiric Draining        Necr           0%         2d6       100%        3
 Anguish                  Hex/Necr       0%         N/A       100%        4
 Dispel Undead            Necr           0%         3d6       100%        4
 Ice Form                 Ice/Tmut       0%         N/A       100%        4
 Manifold Assault         Tloc           0%         N/A       100%        4
 Petrify                  Tmut/Erth      0%         N/A       100%        4
 Irradiate                Conj/Tmut      0%         3d11      100%        5
 Death Channel            Necr           0%         N/A       100%        6
 Simulacrum               Ice/Necr       0%         N/A       100%        6
 Enfeeble                 Hex            0%         N/A       100%        7
 Storm Form               Tmut/Air       0%         N/A       100%        7
 Summon Hydra             Summ           0%         N/A       100%        7


Dungeon Overview and Level Annotations

Branches:
Dungeon (12/15)            Temple (0/1) D:5            Lair (5/5) D:9
  Swamp (0/4) Lair:3       Spider (0/4) Lair:2        Slime (0/5) Lair:4
    Orc (2/2) D:11            Elf (0/3) Orc:2

Altars:
Dithmenos
Elyvilon
Gozag
Kikubaaqudgha
Trog
Uskayaw
Wu Jian
The Shining One
Lugonu

Shops:
D:4 *   Orc:2 [

Portals:
Abyss: Lair:5

Annotations:
D:5 1 transporter, billybob123456's ghost, amateur TrFi


Message History

You hit the orc knight but do no damage.
You closely miss the orc warrior. You closely miss the rust devil.
You block the sixfirhy's attack. x2; The rust devil hits you.
* * * LOW HITPOINT WARNING * * *
The rust devil corrodes you! You block the sixfirhy's attack.
The orc warrior completely misses your orc warrior.
Your orc warrior barely misses the orc warrior.
Your orc warrior closely misses the rust devil.
Your orc warrior hits the orc warrior with a +0 war axe.
The orc warrior dies!
Beogh accepts your kill.
Your orc warrior hits the orc high priest with a +0 war axe!
The orc knight roars a battlecry!
The orc warrior goes into a battle-frenzy!
The orc warrior hits you with a +0 battleaxe!
* * * LOW HITPOINT WARNING * * *
The orc high priest hits your orc warrior with a +0 trident!
Your orc warrior dies!
Hilgar hits the orc knight with a +0 long sword!!
You miss the sixfirhy.
The sixfirhy is heavily wounded.
You hit the orc knight. You freeze the orc knight.
You hit the orc warrior but do no damage.
You barely miss the rust devil.
Hilgar no longer looks unusually strong.
The sixfirhy hits you but does no damage. x2
The sixfirhy barely misses you. You block the rust devil's attack.
You hit the sixfirhy but do no damage.
The sixfirhy is heavily wounded.
You barely miss the orc knight.
You hit the orc warrior but do no damage.
You hit the rust devil but do no damage.
The orc warrior no longer looks unusually strong.
The sixfirhy hits you!
* * * LOW HITPOINT WARNING * * *
The sixfirhy shocks you!
* * * LOW HITPOINT WARNING * * *
The orc high priest hits you from afar with a +0 trident.
You die...
Beogh appreciates the orc high priest's killing of a heretic priest.

*,,*,*****,*,** **,**,,,*******,*
,,,,,,*#.<$...###.........*,,*,,,
,,,,,,,.........#..#......,,,,,,,
*,,,,,,.....#.............,,,,,,,
,,,,,,,.......#...........,,,,,,,
**,,,,,........#..>.......,,,,,,,
*,,,,,,...................,,,,,,,
**,,,,,........o..........,,,,,,,
*,,,,*.......43@o).......,,,,,,,
**,,*,........4)o.....P.P,,,,,,,
**,,,,,..[....o)o).P...P..,,,,,,,
*,,,,,,...[..[....P.....P.,,,,,,,
,*,,,,,..)..)...[.PP.....P,,,,,,,
,,,*,,,...[....).P....∩...,,,,,,,
,,,,,,,...))).)).[........,,,,**,
,,,,,,,.).).))<)).[.......,,,,*,,
,,*,,,,.......)))..[..8..,,,,,,,,


You could see an orc knight (strong, ally target), an orc high priest (strong),
a rust devil (summoned), a sixfirhy (summoned), a chaos spawn (summoned), 2 orc
warriors and the friendly Hilgar the orc knight.

Vanquished Creatures
  An orc warlord (Orc:2)
  The ghost of Likado the Nimble, a journeyman GnHs of Qazlal (D:10)
  Fannar (D:11)
  3 hydras
  2 two-headed ogres
  A boulder beetle (Lair:5)
  An orc high priest (Orc:2)
  A death yak (Lair:5)
  A thrashing horror (Lair:5)
  A skyshark (Lair:3)
  Pikel (D:7)
  A deep elf pyromancer (D:10)
  2 ugly things
  4 elephants
  Joseph (D:8)
  6 cane toads
  A smoke demon (Lair:5)
  8 komodo dragons
  A polar bear (Lair:2)
  4 trolls
  8 blink frogs
  Grinder (D:3)
  A large abomination (Lair:5)
  8 dream sheep (Lair:5)
  A centaur simulacrum (D:10)
  A spriggan (shapeshifter) (Lair:5)
  3 wyverns
  Eustachio (D:4)
  2 wraiths (D:11)
  31 yaks
  A chaos spawn (Lair:5)
  2 basilisks
  3 steam dragons
  2 wargs
  6 small abominations (Lair:5)
  An acid dragon (D:8)
  11 water moccasins
  A black bear (shapeshifter) (Lair:5)
  4 ice beasts (D:10)
  2 sky beasts
  5 orc warriors
  4 ogres
  5 black bears
  10 wolves
  8 centaurs
  A lemure (D:7)
  A phantom (D:6)
  3 kobold brigands
  9 bullfrogs
  2 gnoll sergeants
  4 wights (D:7)
  6 killer bees (D:10)
  2 howler monkeys
  A gnoll bouda (D:7)
  7 hounds
  3 orc priests
  Crazy Yiuf (D:2)
  Ijyb (D:3)
  Terence (D:2)
  12 orc wizards
  Natasha (thrice) (D:2)
  5 iguanas
  A hell rat (Lair:5)
  Robin (D:4)
  11 gnolls
  14 adders
  2 shadow imps
  A white imp (D:10)
  A howler monkey simulacrum (D:10)
  An ufetubus (D:4)
  A worm (D:4)
  A dart slug (D:2)
  27 orcs
  A bat (D:2)
  7 endoplasms
  A giant cockroach (D:4)
  12 goblins
  8 hobgoblins
  6 jackals
  4 quokkas
  8 ball pythons
  2 frilled lizards
  25 kobolds
  5 rats
366 creatures vanquished.

Vanquished Creatures (collateral kills)
  An orc warlord (Orc:2)
  Josephine (D:11)
  2 hydras
  An orc high priest (Orc:2)
  2 death yaks (Lair:5)
  2 thrashing horrors (Lair:5)
  A skyshark (Lair:3)
  3 orc knights
  A large abomination (Lair:5)
  An orc sorcerer (Orc:2)
  7 elephants (Lair:5)
  5 cane toads
  A torpor snail (Lair:5)
  2 smoke demons (Lair:5)
  3 komodo dragons
  An ancient zyme (Lair:5)
  A troll (Orc:2)
  14 blink frogs
  2 dream sheep (Lair:5)
  3 wyverns
  4 wraiths (D:11)
  2 basilisks
  17 yaks
  A chaos spawn (Lair:5)
  A swamp worm (Lair:3)
  7 water moccasins
  12 orc warriors
  An ogre (Orc:2)
  9 wolves
  2 bullfrogs (Lair:2)
  7 small abominations (Lair:5)
  5 hell rats (Lair:5)
  2 orc wizards
  5 orcs
  A butterfly (Lair:4)
130 creatures vanquished.

Vanquished Creatures (others)
  An orc warlord (Orc:2)
  An orc sorcerer (Orc:2)
  14 orc warriors
  4 orc wizards (Orc:2)
  3 orc priests
  17 orcs
  15 fungi
  9 plants
64 creatures vanquished.

Grand Total: 560 creatures vanquished

Notes
Turn   | Place    | Note
-------+----------+-------------------------------------------
     0 | D:1      | xian the Hill Orc Fighter began the quest for the Orb.
     0 | D:1      | Reached XP level 1. HP: 19/19 MP: 1/1
   167 | D:1      | Upgraded the game from 0.30-a0-779-g7971cf19c3 to
                  | 0.30-a0-782-ge64f9170bb
   241 | D:1      | Reached XP level 2. HP: 25/27 MP: 2/2
   313 | D:1      | Reached skill level 3 in Axes
   520 | D:2      | Reached XP level 3. HP: 16/33 MP: 3/3
   821 | D:2      | Found a faded altar of an unknown god.
   907 | D:2      | Noticed Terence
   917 | D:2      | Killed Terence
   918 | D:2      | Reached XP level 4. HP: 18/41 MP: 4/4
  1039 | D:2      | Reached skill level 4 in Axes
  1074 | D:2      | Noticed Natasha
  1090 | D:2      | Killed Natasha
  1269 | D:2      | Noticed Natasha
  1279 | D:2      | Killed Natasha
  1280 | D:2      | Reached skill level 5 in Axes
  1280 | D:2      | Reached XP level 5. HP: 31/47 MP: 5/5
  1428 | D:2      | Found a runed translucent door.
  1429 | D:2      | Noticed Crazy Yiuf
  1434 | D:2      | Killed Crazy Yiuf
  1556 | D:2      | Noticed Natasha
  1565 | D:2      | Killed Natasha
  1701 | D:3      | Noticed Grinder
  1705 | D:3      | Paralysed by Grinder for 5 turns
  1722 | D:3      | Killed Grinder
  1723 | D:3      | Reached skill level 5 in Fighting
  1723 | D:3      | Reached skill level 6 in Axes
  1723 | D:3      | Reached XP level 6. HP: 35/56 MP: 6/6
  1811 | D:3      | Noticed Ijyb
  1827 | D:3      | Killed Ijyb
  1921 | D:3      | Became a worshipper of Beogh the Brigand
  2419 | D:4      | Reached XP level 7. HP: 61/61 MP: 7/7
  2534 | D:4      | Reached skill level 7 in Axes
  2652 | D:4      | Found a shadowy altar of Dithmenos.
  2783 | D:4      | Noticed Eustachio
  2819 | D:4      | Killed Eustachio
  2820 | D:4      | Reached skill level 5 in Armour
  2946 | D:4      | Reached skill level 8 in Axes
  2947 | D:4      | Reached * piety under Beogh
  3060 | D:4      | Reached skill level 1 in Throwing
  3162 | D:4      | Found Jukoet's Lightly-Used Armoury.
  3164 | D:4      | Found a hide-covered altar of Uskayaw.
  3164 | D:4      | Found a white marble altar of Elyvilon.
  3170 | D:4      | Bought a -3 triple crossbow for 1 gold piece
  3181 | D:4      | Reached XP level 8. HP: 66/69 MP: 8/8
  3284 | D:4      | Reached skill level 9 in Axes
  3295 | D:4      | Noticed Robin
  3307 | D:4      | Killed Robin
  3372 | D:4      | Found a glowing golden altar of the Shining One.
  3730 | D:5      | Entered Level 5 of the Dungeon
  3849 | D:5      | Reached skill level 10 in Axes
  3873 | D:5      | Reached ** piety under Beogh
  3976 | D:5      | Noticed a wyvern
  3983 | D:5      | Killed a wyvern
  3997 | D:5      | Reached skill level 11 in Axes
  4100 | D:5      | Reached XP level 9. HP: 74/75 MP: 9/9
  4137 | D:5      | HP: 3/78 [poisoned by an orc wizard]
  4415 | D:5      | Found a staircase to the Ecumenical Temple.
  4541 | D:5      | Found a transporter.
  4544 | D:5      | Noticed billybob123456's ghost (amateur TrFi)
  4545 | D:5      | Identified the +3 great mace "Saluvvam" {heavy, rN+ Int+4}
  4634 | D:5      | Found a bloodstained altar of Trog.
  4634 | D:5      | Found an ornate altar of the Wu Jian Council.
  4762 | D:6      | Reached skill level 1 in Dodging
  5595 | D:7      | Noticed Pikel
  5800 | D:7      | Reached skill level 12 in Axes
  5905 | D:7      | Reached skill level 5 in Shields
  5911 | D:7      | Reached XP level 10. HP: 88/88 MP: 10/10
  6132 | D:7      | Killed Pikel
  6182 | D:7      | Reached *** piety under Beogh
  6523 | D:8      | Reached skill level 13 in Axes
  6602 | D:8      | Noticed Joseph
  6615 | D:8      | Killed Joseph
  7068 | D:9      | Found a staircase to the Lair.
  7068 | D:9      | Noticed an elephant
  7096 | D:9      | Killed an elephant
  7100 | D:9      | Reached skill level 14 in Axes
  7228 | D:9      | Noticed a two-headed ogre
  7241 | D:9      | Killed a two-headed ogre
  7242 | D:9      | Reached XP level 11. HP: 59/97 MP: 11/11
  7364 | D:9      | Reached skill level 15 in Axes
  7528 | D:9      | Reached **** piety under Beogh
  8033 | D:9      | Identified the +0 hat of the Original Sin {-Tele rCorr
                  | Str+2 Int+2}
  8070 | D:10     | Entered Level 10 of the Dungeon
  8160 | D:10     | Noticed a deep elf pyromancer
  8172 | D:10     | Found a runed translucent gate.
  8172 | D:10     | Found a runed translucent gate.
  8172 | D:10     | Found a runed translucent gate.
  8183 | D:10     | Killed a deep elf pyromancer
  8323 | D:10     | Noticed a brown ugly thing
  8338 | D:10     | Killed a brown ugly thing
  8370 | D:10     | Found an ancient bone altar of Kikubaaqudgha.
  8779 | D:10     | Noticed Likado's ghost (journeyman GnHs)
  8882 | D:10     | Reached skill level 10 in Armour
  9166 | D:10     | Killed Likado's ghost
  9417 | D:11     | Reached skill level 10 in Fighting
  9562 | D:11     | Noticed a two-headed ogre
  9571 | D:11     | Killed a two-headed ogre
  9651 | D:11     | Found a staircase to the Orcish Mines.
  9743 | D:11     | Noticed Fannar
  9760 | D:11     | Killed Fannar
  9761 | D:11     | Reached skill level 16 in Axes
  9763 | D:11     | Reached ***** piety under Beogh
  9768 | D:11     | Reached XP level 12. HP: 79/108 MP: 12/12
  9827 | D:11     | Noticed Josephine
  9840 | D:11     | Killed Josephine
  9841 | D:11     | Reached skill level 1 in Stealth
 10238 | Lair:1   | Entered Level 1 of the Lair of Beasts
 10556 | Lair:1   | Gained Syrus as an ally
 10945 | Lair:2   | Reached skill level 17 in Axes
 11029 | Lair:2   | Found a hole to the Spider Nest.
 11307 | Lair:2   | Identified the +5 great sword of Ilemez {freeze, rC+}
 11983 | Lair:3   | Reached XP level 13. HP: 110/118 MP: 13/13
 12041 | Lair:3   | Found a staircase to the Swamp.
 12866 | Lair:4   | Found a staircase to the Slime Pits.
 13352 | Lair:5   | Entered Level 5 of the Lair of Beasts
 13358 | Lair:5   | Reached ****** piety under Beogh
 13515 | Lair:5   | Reached skill level 10 in Shields
 13730 | Lair:5   | Reached skill level 1 in Invocations
 13826 | Lair:5   | Reached skill level 18 in Axes
 13838 | Lair:5   | Found an opulent altar of Gozag.
 14274 | Lair:5   | Reached XP level 14. HP: 130/130 MP: 15/15
 14434 | Lair:5   | Found a corrupted altar of Lugonu.
 14434 | Lair:5   | Found a one-way gate to the infinite horrors of the Abyss.
 14975 | Orc:1    | Entered Level 1 of the Orcish Mines
 15108 | Orc:2    | Entered Level 2 of the Orcish Mines
 15108 | Orc:2    | Noticed an orc warlord
 15109 | Orc:2    | Found Afutheigio's Antique Armour Boutique.
 15113 | Orc:2    | Noticed an orc warlord
 15120 | Orc:2    | Gained Dorog as an ally
 15120 | Orc:2    | Killed an orc warlord
 15127 | Orc:2    | Killed an orc warlord
 15129 | Orc:2    | Your ally Dorog died
 15225 | Orc:2    | Found a staircase to the Elven Halls.
 15227 | Orc:2    | Your ally Syrus died
 15239 | Orc:2    | Gained Hilgar as an ally
 15244 | Orc:2    | HP: 1/133 [sixfirhy[an orc high priest] (9)]
 15244 | Orc:2    | Slain by an orc high priest

Illustrated notes

Levels and vault maps discovered:
D:1:      heliophobic_arrival_battle_scene, layout_rooms
D:2:      layout_loops_ring, basic_ecumenical_altar, dreamdust_princess_bridge,
          uniq_crazy_yiuf_cottage, uniq_terence, uniq_natasha
D:3:      layout_loops_ring, uniq_grinder, uniq_ijyb
D:4:      kennysheep_spiral_hall, layout_loops_corners, general_overflow_altar,
          nicolae_overflow_hidden_temple, grunt_ministairs_14,
          minmay_shop_damaged, dk_noncrumbling_4, uniq_robin, uniq_eustachio
D:5:      layout_rooms, gammafunk_temple_overflow_wave, temple_statues,
          gammafunk_ghost_smash
D:6:      kennysheep_big_flooded_room, layout_basic, serial_rivers,
          chequers_serial_rivers_small_b, chequers_serial_rivers_small_a,
          chequers_serial_rivers_small_b, chequers_serial_rivers_micro_b,
          chequers_serial_rivers_room_b, minmay_misc_feat_tower
D:7:      layout_cave_pools, st_stairs_11, lightli_orcish_oven, uniq_pikel
D:8:      hellmonk_ruined_rings, layout_basic, uniq_joseph
D:9:      layout_gridville, david_lair_generic, lemuel_flamethrower_2
D:10:     layout_irregular_city, old_standard_altar, gammafunk_ghost_icy
D:11:     layout_loops_ring, david_orc_3, uniq_josephine, uniq_fannar
D:12:     layout_cave_pods
Lair:1:   layout_chaotic_city
Lair:2:   layout_hall_layers, spider_nest_entry_web_field, grunt_megastairs_4
Lair:3:   layout_gridlike, palyth_hydra_swamp_entry
Lair:4:   layout_big_grid, slime_entry_1, lemuel_fruit_fields, lemuel_fruit_tree
Lair:5:   hellmonk_lair_end_abyssal_woods, layout_long_grid, basic_altar,
          grunt_megastairs_2
Orc:1:    layout_caves
Orc:2:    grunt_orc_gardens, layout_caves, grunt_orc_garden, grunt_orc_garden,
          grunt_orc_garden, grunt_orc_garden, nicolae_volcano_entry_hallway,
          serial_shops, shop, guppyfry_library_mini

Skill      XL: |  1  2  3  4  5  6  7  8  9 10 11 12 13 14 |
---------------+-------------------------------------------+-----
Axes           | 3 5 6 8 11 12 14 16 17 18 | 18.6
Fighting       | 4 5 6 8 9 10 12 13 14 | 14.7
Armour         | 4 5 6 7 9 10 11 12 | 12.7
Shields        | 4 5 6 8 10 11 | 11.2
Throwing       | 1 2 3 |  3.0
Dodging        | 2 3 |  3.7
Stealth        | 1 2 |  2.6
Invocations    | 1 |  1.5
Evocations     | |  0.4

Action                     |  1- 3 |  4- 6 |  7- 9 | 10-12 | 13-15 || total
---------------------------+-------+-------+-------+-------+-------++-------
  Melee: War axe           |    80 |    98 |   412 |   455 |   239 ||  1284
  Throw: Stone             |     7 |     5 |    44 |    23 |    17 ||    96
         Dart              |       |       |       |     5 |     1 ||     6
 Invoke: Convert to Beogh  |       |     1 |       |       |       ||     1
         Smiting           |       |       |     2 |       |       ||     2
         Give Item to Name |       |       |       |     1 |       ||     1
         Recall Orcish Fol |       |       |       |       |     1 ||     1
  Evoke: Wand              |       |       |     3 |       |       ||     3
    Use: Scroll            |     3 |     1 |     8 |     8 |     4 ||    24
         Potion            |       |     1 |     6 |     1 |       ||     8
   Stab: Distracted        |       |       |       |     4 |     6 ||    10
 Armour: Chain mail        |    49 |    54 |   296 |   179 |   189 ||   767
         Scale mail        |     6 |       |       |       |       ||     6
         Plate armour      |       |       |       |   100 |       ||   100
  Dodge: Dodged            |    25 |    31 |   125 |   139 |   111 ||   431
  Block: Buckler           |    15 |    23 |    70 |    73 |       ||   181
         Kite shield       |       |       |       |   109 |   208 ||   317

Table legend: (Time is in decaauts)
 A = Elapsed time spent in this place.
 B = Non-inter-level travel time spent in this place.
 C = Inter-level travel time spent in this place.
 D = Time resting spent in this place.
 E = Time spent auto-exploring this place.
 F = Levels seen in this place.
 G = Mean time per level.
                   A        B        C        D        E       F      G
               +--------+--------+--------+--------+--------+-----+--------+
         Total |  15249 |  14507 |    742 |    744 |   9344 |  19 |  802.6 |
       Dungeon |  10410 |   9871 |    539 |    524 |   6264 |  12 |  867.5 |
          Lair |   4574 |   4383 |    191 |    165 |   2986 |   5 |  914.8 |
  Orcish Mines |    264 |    252 |     12 |     55 |     94 |   2 |  132.0 |
               +--------+--------+--------+--------+--------+-----+--------+

Top non-repeatable levels by time:
  Lair:5: 1421 daAuts
     D:4: 1399 daAuts
    D:10: 1319 daAuts
     D:2: 1191 daAuts
     D:9: 1080 daAuts
     D:6: 1057 daAuts
  Lair:3: 1017 daAuts
  Lair:2: 899 daAuts
    D:11: 871 daAuts
     D:5: 849 daAuts
     D:3: 764 daAuts
     D:7: 720 daAuts
  Lair:1: 680 daAuts
     D:8: 597 daAuts
  Lair:4: 556 daAuts
